 Dungeon Crawl Stone Soup version 0.29.1-12-g30fa7ad0bf (webtiles) character file.

Game seed: 16166608434752375807

1604479 FexLirch the Acrobat (level 25, 127/127 HPs)
             Began as a Felid Summoner on Dec 18, 2022.
             Was an Initiate of Gozag.
             Escaped with the Orb
             ... and 3 runes on Dec 19, 2022!
             The game lasted 09:50:23 (72770 turns).

FexLirch the Acrobat (Felid Summoner)              Turns: 72770, Time: 09:50:23

Health: 127/127    AC: 19    Str:  6    XL:     25   Next: 65%
Magic:  15/44      EV: 48    Int: 33    God:    Gozag
Gold:   2484       SH:  0    Dex: 18    Spells: 5/56 levels left
                                        Lives:  2   Deaths: 1

rFire   + + .      SeeInvis +     - Unarmed
rCold   + + .      Faith    .   (shield unavailable)
rNeg    + + .      Spirit   .   (body armour unavailable)
rPois   ∞          Reflect  .   (helmet unavailable)
rElec   +          Harm     .   (cloak unavailable)
rCorr   +          Rampage  .   (gloves unavailable)
Will    ++++.                   (boots unavailable)
Stlth   +.........              B - amulet "Cian" {RegenMP Str+2 Int+6}
HPRegen 0.31/turn               Q - ring of protection from fire
MPRegen 0.69/turn               X - ring "Peokit" {rC+ rN++ Will+ SInv}

@: mighty, brilliant, storm-form, resistant, flying, hasted, very quick
A: cleaving, insubstantial, flying, very small, (claws 1), (fangs 3), see
invisible, (speed 1), (shaggy fur 3), (stealthy paws), no weapons or thrown
items, no armour, multi-lived, (iridescent scales 1), (large bone plates 1)
0: Orb of Zot
}: 3/15 runes: serpentine, barnacled, silver
a: Blinkbolt, End Transformation, Renounce Religion, Potion Petition, Call
Merchant, Bribe Branch


You escaped.
You worshipped Gozag.
Gozag was most pleased with you.
You were a lightning-filled tempest!
You visited 11 branches of the dungeon, and saw 51 of its levels.
You visited 1 bazaar.
You also visited: Trove and Gauntlet.

You collected 30420 gold pieces.
You spent 8245 gold pieces at shops.
You paid 19691 gold pieces to Gozag.

Inventory:

Jewellery
 n - a +6 ring of intelligence
 r - the amulet of Yceweax {Acrobat Will+ Slay+5}
   (You acquired it on level 2 of the Snake Pit)

   [amulet of the acrobat]

   It increases your evasion while moving and waiting.
   Slay:      It affects your accuracy & damage with ranged weapons and melee
   (+5).
   Will:      It increases your willpower.
 x - a +6 ring of strength
 B - the amulet "Cian" (around neck) {RegenMP Str+2 Int+6}
   (You found it in a treasure trove)

   [amulet of magic regeneration]

   It increases your rate of magic regeneration.
   Str:       It affects your strength (+2).
   Int:       It affects your intelligence (+6).
 C - a ring of magical power
 D - a ring of protection from cold
 L - a +6 ring of intelligence
 M - a ring of flight
 N - the ring of Wigalig {rC+ Int+2}
   (You bought it in a shop on level 1 of the Lair of Beasts)

   [ring of protection from cold]

   Int:       It affects your intelligence (+2).
   rC:        It protects you from cold.
 O - a ring of willpower
 Q - a ring of protection from fire (left paw)
 T - a ring of fire
 W - a ring of wizardry
 X - the ring "Peokit" (right paw) {rC+ rN++ Will+ SInv}
   (You took it off an ogre mage on level 3 of the Vaults)

   [ring of protection from cold]

   rC:        It protects you from cold.
   rN:        It greatly protects you from negative energy.
   SInv:      It lets you see invisible.
   Will:      It increases your willpower.
 Z - a ring of ice
Wands
 b - a wand of digging (1)
 l - a wand of flame (52)
 w - a wand of mindburst (21)
 G - a wand of paralysis (28)
 H - a wand of acid (14)
 R - a wand of polymorph (8)
 U - a wand of roots (35)
Scrolls
 d - 9 scrolls of vulnerability
 f - 23 scrolls of teleportation
 g - 11 scrolls of fog
 i - 3 scrolls of magic mapping
 k - 2 scrolls of silence
 m - a scroll of summoning
 q - 5 scrolls of immolation
 s - 13 scrolls of poison
 v - 4 scrolls of torment
 y - 3 scrolls of fear
 E - 5 scrolls of noise
 I - 11 scrolls of blinking
Potions
 a - 7 potions of magic
 c - 5 potions of haste
 e - 15 potions of heal wounds
 h - 18 potions of curing
 j - 4 potions of might
 o - 5 potions of invisibility
 p - 7 potions of lignification
 u - 2 potions of resistance
 z - 4 potions of berserk rage
 A - 8 potions of brilliance
 F - 6 potions of ambrosia
 J - 7 potions of attraction
 K - 3 potions of mutation
 P - 11 potions of flight
 S - 7 potions of cancellation
Miscellaneous
 V - a phantom mirror
 Y - a lightning rod (4/4)


   Skills:
 + Level 20.7 Fighting
 + Level 26.3 Dodging
 - Level 4.0 Stealth
 * Level 17.0 Unarmed Combat
 - Level 16.0 Spellcasting
 - Level 8.0 Hexes
 + Level 18.3 Summonings
 - Level 5.0 Necromancy
 + Level 19.4 Translocations
 - Level 20.0 Transmutations
 - Level 15.6 Air Magic
 - Level 7.0 Earth Magic


You had 5 spell levels left.
You knew the following spells:

 Your Spells              Type           Power      Damage    Failure   Level
a - Monstrous Menagerie   Summ           60%        N/A       1%          7
b - Apportation           Tloc           100%       N/A       0%          1
c - Manifold Assault      Tloc           100%       N/A       0%          5
d - Yara's Violent Unrav  Hex/Tmut       54%        3d21      1%          5
e - Summon Lightning Spi  Summ/Air       100%       N/A       0%          4
f - Summon Cactus Giant   Summ           60%        N/A       1%          6
g - Swiftness             Air            100%       N/A       0%          3
h - Storm Form            Tmut/Air       60%        N/A       1%          7
i - Malign Gateway        Summ/Tloc      61%        N/A       1%          7
j - Blink                 Tloc           100%       N/A       0%          2
k - Passage of Golubria   Tloc           100%       N/A       0%          4

Your spell library contained the following spells:

 Spells                   Type           Power      Damage    Failure   Level
 Summon Small Mammal      Summ           100%       N/A       0%          1
 Call Imp                 Summ           100%       N/A       0%          2
 Passwall                 Tmut/Erth      89%        N/A       0%          2
 Wereblood                Tmut           100%       N/A       0%          2
 Call Canine Familiar     Summ           100%       N/A       0%          3
 Gell's Gravitas          Tloc           100%       N/A       0%          3
 Teleport Other           Tloc           100%       N/A       0%          3
 Blade Hands              Tmut           63%        N/A       0%          5
 Freeze                   Ice            100%       1d11      1%          1
 Necrotise                Necr           100%       1d9       1%          1
 Sandblast                Erth           100%       2d20      1%          1
 Shock                    Conj/Air       100%       1d9       1%          1
 Slow                     Hex            100%       N/A       1%          1
 Sting                    Tmut/Pois      100%       1d8       1%          1
 Ensorcelled Hibernation  Hex/Ice        100%       N/A       1%          2
 Poisonous Vapours        Pois/Air       100%       N/A       1%          2
 Sublimation of Blood     Necr           73%        N/A       1%          2
 Dazzling Flash           Conj/Hex       100%       N/A       1%          3
 Ignite Poison            Fire/Tmut/Pois 81%        N/A       1%          3
 Spider Form              Tmut/Pois      95%        N/A       1%          3
 Stone Arrow              Conj/Erth      100%       3d13      1%          3
 Summon Guardian Golem    Hex/Summ       100%       N/A       1%          3
 Tukima's Dance           Hex            87%        N/A       1%          3
 Vampiric Draining        Necr           73%        2d11      1%          3
 Airstrike                Air            57%        2d(9-25)  1%          4
 Anguish                  Hex/Necr       40%        N/A       1%          4
 Cause Fear               Hex            43%        N/A       1%          4
 Ice Form                 Ice/Tmut       95%        N/A       1%          4
 Iskenderun's Mystic Bla  Conj/Tloc      94%        2d18      1%          4
 Leda's Liquefaction      Hex/Erth       42%        N/A       1%          4
 Petrify                  Tmut/Erth      100%       N/A       1%          4
 Summon Ice Beast         Ice/Summ       92%        N/A       1%          4
 Alistair's Intoxication  Tmut/Pois      63%        N/A       1%          5
 Irradiate                Conj/Tmut      47%        3d27      1%          5
 Lightning Bolt           Conj/Air       43%        1d62      1%          5
 Silence                  Hex/Air        51%        N/A       1%          5
 Summon Forest            Summ/Tloc      61%        N/A       1%          5
 Summon Mana Viper        Hex/Summ       100%       N/A       1%          5
 Scorch                   Fire           78%        2d9       2%          2
 Lee's Rapid Deconstruct  Erth           41%        3d21*     2%          5
 Borgnjor's Vile Clutch   Necr/Erth      39%        N/A       3%          5
 Frozen Ramparts          Ice            78%        1d12      4%          3
 Ozocubu's Armour         Ice            39%        N/A       4%          3
 Metabolic Englaciation   Hex/Ice        34%        N/A       9%          5
 Flame Wave               Conj/Fire      39%        2d11      16%         4
 Hailstorm                Conj/Ice       39%        3d9       16%         4
 Olgreb's Toxic Radiance  Pois           39%        N/A       16%         4
 Sticky Flame             Conj/Fire      39%        2d6       16%         4
 Fireball                 Conj/Fire      19%        3d9       38%         5
 Iskenderun's Battlesphe  Conj           39%        2d9       38%         5
 Dispersal                Tloc           62%        N/A       1%          6
 Statue Form              Tmut/Erth      71%        N/A       1%          6
 Dragon Form              Tmut           63%        N/A       1%          7
 Summon Hydra             Summ           60%        N/A       1%          7
 Eringya's Noxious Bog    Tmut/Pois      47%        N/A       3%          6
 Disjunction              Tloc           62%        N/A       3%          8
 Conjure Ball Lightning   Conj/Air       43%        3x3d15    10%         6
 Haunt                    Necr/Summ      50%        N/A       11%         7
 Death Channel            Necr           36%        N/A       30%         6
 Enfeeble                 Hex            43%        N/A       43%         7
 Iron Shot                Conj/Erth      32%        9d7       50%         6
 Necromutation            Tmut/Necr      52%        N/A       52%         8
 Dragon's Call            Summ           60%        N/A       65%         9
 Starburst                Conj/Fire      19%        6d7       93%         6
 Discord                  Hex            43%        N/A       98%         8
 Orb of Destruction       Conj           19%        9d8       100%        7
 Borgnjor's Revivificati  Necr           36%        N/A       100%        8
 Infestation              Necr           36%        N/A       100%        8
 Lehudib's Crystal Spear  Conj/Erth      32%        10d8      100%        8
 Shatter                  Erth           41%        3d32*     100%        9
 Portal Projectile        Hex/Tloc       Unusable   N/A       N/A         3
 Animate Armour           Summ/Erth      Unusable   N/A       N/A         4
 Animate Dead             Necr           Unusable   N/A       N/A         4
 Corpse Rot               Necr/Pois/Air  Unusable   N/A       N/A         4
 Simulacrum               Ice/Necr       Unusable   N/A       N/A         6

Dungeon Overview and Level Annotations

Branches:
Dungeon (15/15)            Temple (1/1) D:7            Lair (5/5) D:11
 Shoals (4/4) Lair:2        Snake (4/4) Lair:3        Slime (0/5) Lair:5
    Orc (2/2) D:9             Elf (3/3) Orc:2        Vaults (5/5) D:13
  Crypt (3/3) Vaults:3       Tomb (0/3) Crypt:3      Depths (4/4) D:15
    Zot (5/5) Depths:4    Gauntlet (visited)

Altars:
Ashenzari
Cheibriados
Dithmenos
Elyvilon
Fedhas
Gozag
Hepliaklqana
Kikubaaqudgha
Makhleb
Nemelex Xobeh
Okawaru
Qazlal
Ru
Sif Muna
Trog
Uskayaw
Vehumet
Wu Jian
Xom
Yredelemnul
Zin
The Shining One
Jiyva

Shops:
D:3 ?   D:4 :   D:6 *   Orc:2 (([[   Elf:1 *   Elf:2 *   Lair:1 =   Lair:3 :
Shoals:1 (   Snake:2 ?!(   Snake:4 :==   Vaults:2 !([   Vaults:4 (:
Vaults:5 [

Portals:
Hell: Depths:1 Depths:2 Depths:3 Depths:4
Abyss: Depths:2
Pandemonium: Depths:2 Depths:4
Ziggurat: Depths:3

Annotations:
D:6 exclusion: electric eel
D:7 2 transporters, Jingleheimer's ghost, novice MiGl
Lair:3 2 transporters
Lair:4 2 transporters, hawla's ghost, journeyman MeIE
Elf:1 Louise
Elf:2 3 runed translucent doors
Crypt:1 3 runed doors, exclusion: obsidian statue, Hali's ghost, veteran FoFi
Zot:3 Josephina
Zot:4 exclusion: 3 oklob plants


Innate Abilities, Weirdness & Mutations

You are a lightning-filled tempest!
Your electrical attacks strike out in all directions at once.
You are incredibly evasive.
Your insubstantial body is immune to petrification, constriction, and being set on fire You are flying.
You are immune to poison.
((You have sharp claws.))
((You have razor-sharp teeth.))
You have supernaturally acute eyesight. (SInv)
((You cover ground quickly. (Speed+)))
((Your thick and shaggy fur keeps you warm. (AC +3, rC+)))
((Your paws help you pounce on unaware monsters.))
You are incapable of wielding weapons or throwing items.
You cannot wear armour.
You gain extra lives every three experience levels.
((You are partially covered in iridescent scales. (AC +2)))
((You are partially covered in large bone plates. (SH +4)))


Message History

You summon a manticore!
Casting: Monstrous Menagerie (dangerous; 1% risk of failure)
Confirm with . or Enter, or press ? or * to list all spells.
An electric hum fills the air.
As you read the scroll of summoning, it crumbles to dust.
Wisps of shadow whirl around you...
As you read the scroll of summoning, it crumbles to dust.
Wisps of shadow whirl around you...
You swap places.
There is a staircase leading out of the dungeon here.
As you read the scroll of summoning, it crumbles to dust.
Wisps of shadow whirl around you...
You feel very mighty all of a sudden.
Your magical contamination has completely faded away.
You feel yourself speed up.
You feel protected.
You feel clever all of a sudden. What are your orders? t - Bellow!
Orders for allies: a - Attack new target. r - Retreat! s - Stop attacking. g - Guard the area. f - Follow me.
Anything else - Cancel.
You bellow for attention!
What are your orders? t - Bellow!
Orders for allies: a - Attack new target. r - Retreat! s - Stop attacking. g - Guard the area. f - Follow me.
Anything else - Cancel.
You bellow for attention!
What are your orders? t - Bellow!
Orders for allies: a - Attack new target. r - Retreat! s - Stop attacking. g - Guard the area. f - Follow me.
Anything else - Cancel.
You bellow for attention!
HP restored.
You have escaped!

###.###
##...J.##
#.#8~8#.#
#.#≈≈≈#.##
#...≈....#
#..≈l≈w..#
#gSgH*...#
##gSk8)###
##CvS##
#####


You could see a friendly eldritch tentacle, a friendly manticore (summoned), a
friendly lindwurm (summoned), a friendly cactus giant (summoned), a friendly
lightning spire (summoned), a friendly endoplasm (summoned), 3 friendly goblins,
3 friendly ball pythons and a friendly frilled lizard (summoned).

Vanquished Creatures
  3 dread liches
  An orb of fire (Zot:5)
  A Killer Klown (Zot:5)
  4 curse toes
  5 golden dragons
  A bone dragon (Depths:4)
  A profane servitor (Crypt:3)
  3 tentacled monstrosities
  4 liches
  2 quicksilver dragons (Zot:4)
  A walking crystal tome (Depths:4)
  A titan (Vaults:5)
  4 Orb Guardians
  A walking frostbound tome (Depths:2)
  5 ancient champions
  2 death cobs
  2 shadow dragons
  2 storm dragons
  5 tengu reavers
  A nagaraja (Snake:1)
  2 draconian monks
  4 draconian knights
  3 revenants
  A shard shrike simulacrum (Crypt:3)
  2 fire giants
  An iron dragon (Depths:3)
  9 vault wardens
  2 draconian scorchers (Zot:2)
  5 curse skulls
  A draconian stormcaller (Depths:4)
  A ghost moth (Zot:2)
  A ghoul (Crypt:3)
  4 frost giants
  A spriggan defender (Depths:2)
  2 draconian shifters
  9 stone giants
  A caustic shrike zombie (Crypt:3)
  A very ugly thing (Depths:2)
  10 ironbound preservers
  2 draconian annihilators
  2 reapers
  2 war gargoyles (Vaults:5)
  2 ironbound thunderhulks
  5 vampire knights (Crypt:1)
  2 green draconians
  3 purple draconians
  2 white draconians
  2 black draconians
  A deep elf demonologist (Vaults:3)
  3 dire elephants
  2 yellow draconians (Zot:5)
  5 red draconians
  3 deep elf death magi
  4 ettins
  4 spark wasps
  A crystal guardian (Vaults:3)
  2 eidola (Crypt:2)
  5 fire dragons
  A merfolk javelineer (Depths:1)
  8 jiangshi
  3 deep elf high priests (Vaults:5)
  6 great orbs of eyes
  3 ogre magi
  3 ice dragons
  11 vault guards
  A spriggan zombie (Crypt:2)
  8 yaktaur captains
  2 rakshasas
  6 ironbound frosthearts
  An anaconda (shapeshifter) (Vaults:5)
  2 hydras
  A merfolk avatar (Shoals:4)
  3 spriggan air magi (Depths:4)
  2 catoblepae (Lair:5)
  3 anacondas
  A boulder beetle (D:15)
  3 death knights
  6 centaur warriors
  3 dancing weapons
  6 deep troll shamans
  7 tengu warriors
  8 deep troll earth magi
  4 death yaks (Lair:5)
  3 vampire magi
  A death scarab (Depths:2)
  3 naga warriors
  2 spriggan berserkers
  2 naga sharpshooters
  4 hell knights
  Sonja (Lair:2)
  2 shock serpents (Snake:4)
  3 deep elf knights
  2 sun demons
  6 shadow wraiths
  4 soul eaters
  17 skeletal warriors
  5 iron trolls
  A glowing orange brain (Depths:2)
  A sixfirhy (Zot:3)
  3 sea snakes
  5 large abominations (Depths:4)
  7 flayed ghosts
  39 deep trolls
  A swamp dragon (shapeshifter) (D:15)
  9 ironbound convokers
  8 phantasmal warriors
  2 naga ritualists
  A sphinx zombie (Vaults:3)
  4 lindwurms
  7 orc knights
  3 oklob plants (Zot:4)
  4 wizards
  A deep elf pyromancer (D:14)
  A stone giant zombie (Vaults:3)
  6 deep elf zephyrmancers
  6 necromancers
  A cyclops (D:7)
  An iron dragon zombie (Crypt:1)
  A goliath frog skeleton (Crypt:2)
  4 orc sorcerers
  A wolf spider (D:13)
  A manticore (shapeshifter) (Vaults:5)
  32 ugly things
  3 mana vipers
  2 salamanders (Snake:3)
  11 black mambas
  3 manticores
  15 moths of wrath
  2 human skeletons
  3 elephants
  8 vault sentinels
  2 centaur zombies
  5 naga magi
  2 cane toads (Lair:5)
  A water nymph (Shoals:3)
  3 guardian serpents
  A shock serpent skeleton (Crypt:2)
  An elephant slug zombie (Crypt:2)
  A storm dragon simulacrum (Zot:3)
  4 komodo dragons
  2 orange demons (Depths:4)
  2 anaconda simulacra (Crypt:2)
  A tormentor (D:15)
  A hellwing (Depths:4)
  A red devil (Depths:4)
  3 tengu conjurers
  A kobold demonologist (D:7)
  11 yaktaurs
  An alligator snapping turtle skeleton (Crypt:2)
  A troll (Orc:1)
  2 guardian mummies (Crypt:1)
  2 freezing wraiths (Crypt:1)
  A merfolk (shapeshifter) (Depths:2)
  A spectral harpy (Shoals:2)
  A harpy zombie (Crypt:2)
  A wind drake (Shoals:1)
  5 slime creatures
  A harpy skeleton (Crypt:1)
  2 hornets
  A hydra skeleton (Crypt:2)
  2 dream sheep (Lair:4)
  3 blink frogs (Lair:5)
  A blink frog (shapeshifter) (D:14)
  A spectral manticore (Shoals:2)
  3 snapping turtles
  A great orb of eyes zombie (Crypt:1)
  A shapeshifter (Depths:3)
  A black mamba zombie (Crypt:2)
  An air elemental (Shoals:4)
  36 flying skulls
  A vampire (D:13)
  2 spriggans
  A wyvern (Lair:4)
  6 water elementals
  A shadow (Crypt:3)
  3 wraiths (Crypt:1)
  A tyrant leech zombie (Crypt:1)
  2 yaks (Lair:5)
  2 black mamba skeletons (Crypt:2)
  2 fire elementals (Elf:2)
  2 neqoxecs (Depths:4)
  3 chaos spawn
  A swamp worm (shapeshifter) (Vaults:3)
  6 nagas
  A water nymph zombie (Crypt:2)
  6 wargs
  A floating eye (Depths:1)
  2 water moccasins
  8 orc warriors
  A black bear (shapeshifter) (D:15)
  3 centaurs (D:15)
  3 ogres
  2 wolves (Lair:4)
  A bullfrog (Lair:1)
  2 necrophages (Crypt:3)
  2 earth elementals
  A warg skeleton (Crypt:1)
  A polar bear skeleton (Crypt:1)
  2 human zombies (Crypt:1)
  3 orc priests
  9 orc wizards
  8 small abominations
  3 mummies (Crypt:1)
  A hound zombie (Crypt:2)
  A gnoll (Orc:2)
  A lava snake skeleton (Crypt:2)
  17 orcs
  A ball python (D:1)
  An endoplasm (D:1)
  A giant cockroach (D:1)
  A quokka (D:5)
  A ball python skeleton (Crypt:1)
  2 bats
  A frilled lizard (D:1)
  A kobold zombie (Crypt:2)
  3 tentacles (Shoals:2)
750 creatures vanquished.

Vanquished Creatures (collateral kills)
  2 dread liches
  2 orbs of fire (Zot:5)
  A Killer Klown (Zot:5)
  Saint Roka (Crypt:2)
  5 golden dragons
  A bone dragon (Crypt:3)
  An electric golem (Zot:5)
  5 tentacled monstrosities
  14 Orb Guardians (Zot:5)
  2 deep elf master archers (Elf:3)
  4 titans
  A lich (Crypt:2)
  4 quicksilver dragons
  6 death cobs
  Gastronok (D:8)
  A deep elf blademaster (Elf:3)
  4 ancient champions
  Frances (Elf:1)
  3 krakens
  A sphinx (Vaults:4)
  3 tengu reavers
  3 eldritch tentacles
  2 draconian monks
  7 shadow dragons
  8 storm dragons
  2 fire giants
  9 nagarajas (Snake:4)
  A revenant (Crypt:1)
  16 vault wardens
  A cacodemon (Depths:4)
  4 draconian scorchers
  3 draconian knights
  3 deep elf sorcerers
  2 orc warlords (Vaults:4)
  3 draconian stormcallers (Zot:2)
  2 frost giants
  4 draconian shifters
  2 deep elf elementalists
  4 ghouls
  4 draconian annihilators
  3 stone giants
  13 ironbound preservers
  3 ironbound thunderhulks
  2 vampire knights
  A reaper (Crypt:1)
  9 green draconians
  A black draconian (Zot:2)
  8 very ugly things
  Nessos (D:14)
  6 deep elf demonologists
  An entropy weaver (Vaults:1)
  6 deep elf annihilators (Elf:3)
  4 purple draconians
  3 dire elephants
  4 red draconians
  4 yellow draconians
  2 white draconians
  The ghost of Sambug2000 the Severer, a journeyman MiFi of Okawaru (D:11)
  The ghost of Timisetechie the Severer, a journeyman HOFi of Beogh (Orc:1)
  A crystal guardian (Vaults:3)
  An eidolon (Crypt:1)
  8 jiangshi
  4 fire dragons
  7 merfolk impalers
  6 merfolk javelineers (Shoals:4)
  6 ettins
  2 spectral krakens (Shoals:2)
  3 deep elf high priests
  A yaktaur captain (Vaults:3)
  A quicksilver dragon zombie (Crypt:1)
  2 rakshasas (Depths:2)
  6 hydras
  A boulder beetle (D:13)
  Harold (D:11)
  A peacekeeper (Vaults:3)
  3 great orbs of eyes
  4 spriggan air magi
  An ice dragon (Depths:3)
  23 vault guards
  5 ironbound frosthearts
  An ogre mage (Vaults:5)
  A catoblepas (Lair:5)
  A merfolk avatar (Shoals:4)
  2 ghost crabs (Shoals:2)
  4 anacondas
  9 naga warriors
  4 death knights (Crypt:3)
  6 two-headed ogres
  8 centaur warriors
  3 merfolk aquamancers
  11 dancing weapons
  2 satyrs
  A deep troll earth mage (Depths:1)
  3 tengu warriors
  5 naga sharpshooters
  16 death yaks
  2 vampire magi
  3 spriggan berserkers
  2 shock serpents (Snake:4)
  3 hell knights (Depths:3)
  8 deep elf knights
  A soul eater (Zot:1)
  22 skeletal warriors
  A storm dragon skeleton (Crypt:1)
  A ghost moth zombie (Zot:1)
  A death drake (Zot:1)
  3 shadow wraiths (Crypt:3)
  2 flayed ghosts
  17 deep trolls
  An iron troll (Depths:4)
  17 sea snakes
  A glowing orange brain (shapeshifter) (Depths:2)
  6 lindwurms
  12 deep elf archers
  3 naga ritualists
  Pikel (D:8)
  21 deep elf zephyrmancers
  3 phantasmal warriors (Vaults:5)
  2 necromancers
  24 deep elf pyromancers
  10 ironbound convokers
  2 wizards
  8 harpies (Shoals:1)
  An iron dragon zombie (Crypt:2)
  10 ugly things
  7 fauns
  6 orc sorcerers (Orc:2)
  8 mana vipers
  A tengu skeleton (Vaults:3)
  9 manticores
  5 moths of wrath
  4 cyclopes
  A spectral alligator snapping turtle (Crypt:3)
  8 salamanders
  Joseph (Lair:1)
  6 merfolk sirens
  2 guardian serpents (Snake:4)
  5 vault sentinels
  20 black mambas
  13 naga magi
  7 elephants
  7 water nymphs
  A centaur zombie (Crypt:2)
  A storm dragon simulacrum (Zot:3)
  A smoke demon (Depths:4)
  7 cane toads
  2 spectral sea snakes (Shoals:2)
  2 gargoyles
  A centaur skeleton (Crypt:3)
  An unseen horror (shapeshifter) (D:14)
  2 unseen horrors
  3 tengu conjurers
  A black draconian zombie (Crypt:2)
  Psyche (D:8)
  2 efreet
  2 freezing wraiths (Crypt:2)
  2 rime drakes (Lair:4)
  15 komodo dragons
  18 yaktaurs
  A spectral harpy (Shoals:2)
  25 merfolk
  2 tyrant leeches (D:11)
  5 trolls
  7 nameless horrors
  4 polar bears
  3 hornets
  5 wind drakes
  7 snapping turtles
  A harpy skeleton (Crypt:2)
  2 spectral merfolk (Shoals:2)
  16 dream sheep
  2 spectral manticores (Shoals:2)
  16 blink frogs
  38 slime creatures
  A shapeshifter (Depths:3)
  An air elemental (Shoals:4)
  A spectral wind drake (Shoals:2)
  27 flying skulls
  A fire dragon skeleton (Crypt:2)
  2 spriggans
  22 water elementals
  4 wraiths
  2 ettin skeletons
  2 vampires (D:11)
  2 shadows
  34 yaks
  7 wyverns
  A basilisk (Lair:5)
  2 fire elementals
  5 hogs (Elf:1)
  A steam dragon (D:7)
  Grum (Lair:1)
  4 vampire mosquitoes
  A yellow draconian simulacrum (Zot:3)
  3 redbacks (Vaults:1)
  A warg (Orc:2)
  30 nagas
  A large abomination (Crypt:3)
  8 water moccasins
  A fire bat skeleton (Crypt:1)
  3 ice beasts
  A black bear (Lair:3)
  3 sky beasts
  14 orc warriors
  7 ogres
  A boggart (D:14)
  33 wolves
  3 centaurs
  2 lemures (D:8)
  5 kobold brigands
  2 earth elementals
  A small abomination (Crypt:3)
  11 bullfrogs
  5 necrophages
  A scorpion (D:5)
  5 wights
  10 howler monkeys
  An electric eel (D:14)
  3 hounds
  11 orc priests
  5 jellies
  A human skeleton (Crypt:1)
  8 iguanas
  28 orc wizards
  2 hell rats (Lair:3)
  A mummy (Crypt:1)
  12 river rats (Lair:3)
  5 adders
  4 gnolls (Orc:2)
  A shadow imp (D:7)
  5 white imps
  2 ufetubi
  2 dart slugs (D:2)
  64 orcs
  8 ball pythons
  10 endoplasms
  3 giant cockroaches
  2 goblins
  4 hobgoblins
  4 jackals (D:4)
  21 kobolds
  2 quokkas
  A frilled lizard (D:2)
  3 rats
  10 tentacles
1369 creatures vanquished.

Vanquished Creatures (others)
  A dread lich (Zot:5)
  An orb of fire (Zot:2)
  2 ancient liches (Zot:5)
  2 Killer Klowns (Zot:5)
  An electric golem (Zot:5)
  4 tentacled monstrosities
  6 Orb Guardians (Zot:5)
  A deep elf blademaster (Elf:3)
  110 eldritch tentacles
  4 death cobs
  Kirke (Elf:1)
  A shadow dragon (Zot:1)
  3 draconian monks
  A nagaraja (Snake:4)
  2 draconian knights (Zot:5)
  Aizul (Snake:2)
  A ghost moth (Zot:5)
  2 draconian scorchers
  2 draconian annihilators (Zot:5)
  6 green draconians
  A black draconian (Zot:5)
  3 yellow draconians (Zot:3)
  3 purple draconians (Zot:3)
  3 white draconians
  4 red draconians
  A merfolk javelineer (Shoals:4)
  A vault guard (Vaults:1)
  Fannar (Lair:1)
  5 hydras
  A centaur warrior (D:14)
  6 naga warriors
  4 naga sharpshooters
  4 death yaks
  2 deep elf knights
  A soul eater (Zot:1)
  A death drake (Zot:1)
  2 skeletal warriors
  2 deep elf archers
  A deep elf zephyrmancer (Elf:1)
  2 orc knights
  2 deep elf pyromancers
  2 moths of wrath
  2 manticores
  An ugly thing (D:13)
  9 oklob plants
  An elephant (Lair:4)
  6 black mambas
  4 cane toads
  A water nymph (Shoals:4)
  A yaktaur (D:14)
  A golden dragon simulacrum (Zot:3)
  A tyrant leech (D:11)
  4 polar bears
  A wind drake (Shoals:3)
  3 dream sheep (Lair:4)
  A slime creature (D:12)
  2 blink frogs (Lair:2)
  A shadow (D:12)
  A flying skull (Crypt:3)
  3 centaur simulacra (D:10)
  A wraith (D:13)
  A basilisk (Lair:3)
  11 yaks
  3 vampire mosquitoes
  Menkaure (D:7)
  A warg (Orc:1)
  An acid dragon (D:10)
  2 nagas (Snake:3)
  2 water moccasins
  An ice beast (D:7)
  A black bear (D:4)
  An orc warrior (Orc:1)
  An ogre (D:7)
  A wolf (Lair:3)
  2 bullfrogs
  A gnoll sergeant (Orc:2)
  2 wights
  A hound (D:6)
  A small abomination (Crypt:3)
  An orc priest (D:5)
  An iguana (D:4)
  3 orc wizards
  An adder (D:4)
  An ufetubus (D:4)
  3 orcs
  3 bushes
  72 fungi
  106 plants
  2 snaplasher vines
  30 tentacles
  12 withered plants (Shoals:2)
517 creatures vanquished.

Grand Total: 2636 creatures vanquished

Notes
Turn   | Place    | Note
-------+----------+-------------------------------------------
     0 | D:1      | FexLirch the Felid Summoner began the quest for the Orb.
     0 | D:1      | Reached XP level 1. HP: 7/7 MP: 4/4
   285 | D:1      | Reached XP level 2. HP: 11/11 MP: 3/6
   288 | D:1      | Learned a level 2 spell: Call Imp
  1279 | D:2      | Reached XP level 3. HP: 14/14 MP: 4/8
  1318 | D:2      | Learned a level 3 spell: Call Canine Familiar
  1801 | D:2      | Reached XP level 4. HP: 18/18 MP: 6/9
  1843 | D:2      | Reached skill level 5 in Summonings
  1950 | D:2      | Found a faded altar of an unknown god.
  2069 | D:3      | Reached XP level 5. HP: 14/21 MP: 9/11
  2469 | D:3      | Found Kiaxtokk's Magic Scroll Boutique.
  2478 | D:3      | Bought a scroll of teleportation for 30 gold pieces
  2478 | D:3      | Bought a scroll of identify for 20 gold pieces
  2513 | D:3      | Learned a level 3 spell: Summon Guardian Golem
  2802 | D:4      | Noticed a black bear
  2828 | D:4      | Killed a black bear
  2872 | D:4      | Gained mutation: You are covered in thick fur. (AC +2)
                  | [Felid growth]
  2872 | D:4      | Reached XP level 6. HP: 24/24 MP: 7/13
  2992 | D:4      | Found Veklis's Book Shop.
  3310 | D:5      | Entered Level 5 of the Dungeon
  3348 | D:4      | Found a snail-covered altar of Cheibriados.
  4105 | D:5      | Reached skill level 5 in Spellcasting
  4111 | D:5      | Learned a level 4 spell: Summon Lightning Spire
  4270 | D:5      | Reached XP level 7. HP: 6/27 MP: 9/15
  5514 | D:6      | Reached skill level 1 in Hexes
  5566 | D:6      | Reached skill level 1 in Air Magic
  5651 | D:6      | Reached XP level 8. HP: 25/31 MP: 1/17
  5989 | D:6      | Found Aburuef's General Store.
  6421 | D:7      | Found a glowing golden altar of the Shining One.
  6552 | D:7      | Noticed a gargoyle
  6563 | D:7      | Noticed a manticore
  6645 | D:7      | Killed a manticore
  6646 | D:7      | Reached skill level 5 in Hexes
  6646 | D:7      | Reached XP level 9. HP: 34/34 MP: 5/20
  6756 | D:7      | Killed a gargoyle
  7045 | D:7      | Found a transporter.
  7111 | D:7      | Found a transporter.
  7111 | D:7      | Noticed Jingleheimer's ghost (novice MiGl)
  7119 | D:7      | Identified the +7 dire flail of the Ten Servitors {vorpal,
                  | *Rage rN+ Int+4}
  7119 | D:7      | Identified the +11 dire flail of Jurghimpo {drain, rF+++
                  | rN+ Str+7 Stlth-}
  7119 | D:7      | Noticed a two-headed ogre
  7239 | D:7      | Noticed a kobold demonologist
  7241 | D:7      | Killed a kobold demonologist
  7241 | D:7      | Noticed a cyclops
  7244 | D:7      | Noticed Menkaure
  7245 | D:7      | Reached skill level 5 in Air Magic
  7251 | D:7      | Killed a cyclops
  7257 | D:7      | Killed Menkaure
  7258 | D:7      | Paralysed by an orc for 3 turns
  7396 | D:7      | Identified the +1 robe of the Harvest {Dex+3}
  7403 | D:7      | Found a staircase to the Ecumenical Temple.
  7411 | Temple   | Entered the Ecumenical Temple
  7558 | D:7      | Noticed an orc knight
  7558 | D:7      | Noticed a troll
  7566 | D:7      | Killed a troll
  7567 | D:7      | Reached XP level 10. HP: 37/37 MP: 16/23
  7597 | D:7      | Killed an orc knight
  7598 | D:7      | Reached skill level 10 in Summonings
  7927 | D:8      | Found an opulent altar of Gozag.
  7962 | D:8      | Became a worshipper of Gozag Ym Sagoz the Greedy
  8024 | D:8      | Noticed Psyche
  8032 | D:8      | Killed Psyche
  8033 | D:8      | Reached skill level 3 in Dodging
  8041 | D:8      | Found an ancient bone altar of Kikubaaqudgha.
  8063 | D:8      | Reached skill level 1 in Fighting
  8140 | D:8      | Noticed Pikel
  8189 | D:8      | Killed Pikel
  8565 | D:8      | Reached skill level 4 in Dodging
  8751 | D:8      | Noticed Gastronok
  8763 | D:8      | Killed Gastronok
  8764 | D:8      | Reached skill level 5 in Dodging
  9372 | D:6      | Found a radiant altar of Vehumet.
  9576 | D:6      | Found a sacrificial altar of Ru.
  9769 | D:4      | Bought a book of Scorching for 360 gold pieces
  9776 | D:4      | Learned a level 6 spell: Summon Cactus Giant
  9974 | D:9      | Noticed a two-headed ogre
  9983 | D:9      | Killed a two-headed ogre
  9984 | D:9      | Reached XP level 11. HP: 45/45 MP: 11/25
 10433 | D:9      | Found a staircase to the Orcish Mines.
 10459 | D:9      | Reached skill level 6 in Dodging
 10748 | D:9      | Found a burning altar of Makhleb.
 10991 | D:10     | Entered Level 10 of the Dungeon
 11053 | D:10     | Learned a level 3 spell: Swiftness
 11274 | D:10     | Reached skill level 7 in Dodging
 11763 | D:10     | Noticed a two-headed ogre
 11770 | D:10     | Reached skill level 5 in Fighting
 11771 | D:10     | Killed a two-headed ogre
 12193 | D:10     | Reached skill level 10 in Spellcasting
 12281 | D:11     | Noticed Harold
 12345 | D:11     | Noticed a six-headed hydra
 12345 | D:11     | Found a transporter.
 12392 | D:11     | Noticed a two-headed ogre
 12402 | D:11     | Killed a two-headed ogre
 12403 | D:11     | Reached skill level 8 in Dodging
 12403 | D:11     | Reached skill level 1 in Transmutations
 12410 | D:11     | Found a staircase to the Lair.
 12415 | D:11     | Noticed a two-headed ogre
 12423 | D:11     | Found a transporter.
 12423 | D:11     | Noticed Sambug2000's ghost (journeyman MiFi)
 12437 | D:11     | Reached skill level 1 in Earth Magic
 12762 | D:11     | Gained mutation: Your thick and shaggy fur keeps you warm.
                  | (AC +3, rC+) [Felid growth]
 12762 | D:11     | Reached XP level 12. HP: 34/52 MP: 12/27
 12792 | D:11     | Noticed a six-headed hydra
 12800 | D:11     | Killed a six-headed hydra
 12899 | D:11     | Identified the +1 cloak "Pullix" {Fly rElec Str-5}
 13535 | D:11     | Found the +8 Vampire's Tooth {vamp}
 13617 | D:12     | Found a gate leading to a gauntlet.
 13660 | D:12     | Reached skill level 9 in Dodging
 13769 | Gauntlet | Entered a Gauntlet
 13769 | Gauntlet | Found a transporter.
 13769 | Gauntlet | Found a transporter.
 13773 | Gauntlet | Noticed a death scarab
 13783 | Gauntlet | Found a transporter.
 13800 | Gauntlet | Found a transporter.
 13800 | Gauntlet | Found a transporter.
 13802 | Gauntlet | Found a transporter.
 13803 | Gauntlet | Found a transporter.
 13803 | Gauntlet | Found a transporter.
 13818 | Gauntlet | Found a transporter.
 13835 | Gauntlet | Found a transporter.
 13845 | Gauntlet | Found a transporter.
 13845 | Gauntlet | Noticed a hell hog
 13864 | Gauntlet | Found a transporter.
 13883 | Gauntlet | Found a transporter.
 13899 | Gauntlet | Found a transporter.
 14051 | D:12     | Noticed a seven-headed hydra
 14059 | D:12     | Killed a seven-headed hydra
 14663 | D:12     | Noticed a seven-headed hydra
 14669 | D:12     | Killed a seven-headed hydra
 15079 | D:13     | Reached skill level 10 in Dodging
 15159 | D:13     | Reached skill level 5 in Transmutations
 15300 | D:13     | Found a gate to the Vaults.
 15300 | D:13     | Noticed a boulder beetle
 15300 | D:13     | Noticed a five-headed hydra
 15300 | D:13     | Noticed a vault guard
 15300 | D:13     | Noticed a vault guard
 15300 | D:13     | Noticed a vault guard
 15300 | D:13     | Noticed a vault guard
 15314 | D:13     | Killed a vault guard
 15322 | D:13     | Killed a five-headed hydra
 15436 | D:13     | Killed a vault guard
 15506 | D:13     | Killed a boulder beetle
 15507 | D:13     | Reached XP level 13. HP: 58/58 MP: 10/28
 15586 | D:13     | Reached skill level 5 in Earth Magic
 15593 | D:13     | Learned a level 6 spell: Statue Form
 15598 | D:13     | Learned a level 4 spell: Anguish
 16143 | D:13     | Identified the +0 leather armour "Tottijin" {rF+ Int+3
                  | Dex+3}
 16509 | D:14     | Reached skill level 11 in Dodging
 17289 | D:14     | Killed from afar by an efreet
 17290 | D:14     | Reached XP level 12. HP: -5/56 MP: 8/27
 17359 | D:14     | Noticed a centaur warrior
 17578 | Lair:1   | Entered Level 1 of the Lair of Beasts
 17651 | Lair:1   | Noticed Fannar
 17681 | Lair:1   | Killed Fannar
 18239 | Lair:1   | Noticed Joseph
 18288 | Lair:1   | Noticed a four-headed hydra
 18292 | Lair:1   | Killed a four-headed hydra
 18300 | Lair:1   | Killed Joseph
 18480 | Lair:1   | Noticed a six-headed hydra
 18489 | Lair:1   | Killed a six-headed hydra
 18675 | Lair:1   | Reached XP level 13. HP: 53/60 MP: 15/28
 18678 | Lair:1   | Noticed Grum
 18693 | Lair:1   | Killed Grum
 19148 | Lair:1   | Bought the ring of Wigalig {rC+ Int+2} for 434 gold pieces
 19447 | Lair:2   | Reached skill level 12 in Dodging
 20545 | Lair:2   | Noticed Sonja
 20552 | Lair:2   | Killed Sonja
 20571 | Lair:2   | Found a staircase to the Shoals.
 20738 | Lair:3   | Found a transporter.
 20909 | Lair:3   | Found a transporter.
 21357 | Lair:3   | Found a staircase to the Snake Pit.
 21726 | Lair:4   | Found a transporter.
 21728 | Lair:4   | Found a transporter.
 21729 | Lair:4   | Noticed hawla's ghost (journeyman MeIE)
 21913 | Lair:4   | Reached skill level 13 in Dodging
 22202 | Lair:3   | Bought a manual of Transmutations for 1200 gold pieces
 22277 | Lair:4   | Identified the +3 quarterstaff of Kouqu {drain, Fragile
                  | rPois Str+5}
 22391 | Lair:4   | Reached skill level 10 in Fighting
 22473 | Lair:4   | Reached XP level 14. HP: 66/66 MP: 2/29
 22959 | Lair:4   | Reached skill level 10 in Transmutations
 23309 | Lair:4   | Reached skill level 14 in Dodging
 23741 | Lair:5   | Entered Level 5 of the Lair of Beasts
 24260 | Lair:5   | Reached skill level 1 in Unarmed Combat
 24795 | Lair:5   | Got the Almanac of Changed Firn
 24968 | Lair:5   | Reached skill level 15 in Dodging
 24995 | Lair:5   | Reached skill level 1 in Necromancy
 25009 | Lair:5   | Reached XP level 15. HP: 71/71 MP: 3/30
 25281 | Lair:5   | Found a viscous altar of Jiyva.
 25281 | Lair:5   | Found a staircase to the Slime Pits.
 25738 | Lair:3   | Bought the Directory of the Assistive Coward for 600 gold
                  | pieces
 25969 | D:3      | Bought a scroll of amnesia for 40 gold pieces
 25969 | D:3      | Bought a scroll of identify for 20 gold pieces
 25969 | D:3      | Bought a scroll of amnesia for 40 gold pieces
 25969 | D:3      | Bought a scroll of identify for 20 gold pieces
 26126 | Orc:1    | Entered Level 1 of the Orcish Mines
 26242 | Orc:2    | Entered Level 2 of the Orcish Mines
 26976 | Orc:2    | Found a staircase to the Elven Halls.
 27012 | Orc:2    | Found Fuunus's Armour Emporium.
 27012 | Orc:2    | Found Mocwuyh's Antique Armour Shop.
 27113 | Orc:2    | Found Maphy's Weapon Emporium.
 27113 | Orc:2    | Found Anaxocsula's Weapon Shop.
 27887 | Orc:1    | Noticed Timisetechie's ghost (journeyman HOFi)
 27891 | Orc:1    | Found a transporter.
 27913 | Orc:1    | Found a transporter.
 27986 | Orc:1    | Killed Timisetechie's ghost
 28011 | Orc:1    | Identified the +6 scale mail of the Forest {rElec rC+ Str-4
                  | Stlth+}
 28345 | Snake:1  | Entered Level 1 of the Snake Pit
 28350 | Snake:1  | Noticed a nagaraja
 28366 | Snake:1  | Killed a nagaraja
 29259 | Snake:1  | Identified the +1 scale mail "Bih Zoxt" {rF+ Regen+ rCorr}
 30392 | Snake:2  | Found Wueczameafa's Magic Scroll Emporium.
 30396 | Snake:2  | Found Icyeneywn's Distillery.
 30397 | Snake:2  | Found Ceadd's Weapon Emporium.
 30410 | Snake:2  | Bought a scroll of identify for 32 gold pieces
 30410 | Snake:2  | Bought a scroll of blinking for 120 gold pieces
 30412 | Snake:2  | Bought a scroll of acquirement for 832 gold pieces
 30412 | Snake:2  | Acquired 911 gold pieces
 30415 | Snake:2  | Acquired 972 gold pieces
 30416 | Snake:2  | Acquired the amulet of Yceweax {Acrobat Will+ Slay+5}
 30558 | Snake:2  | Noticed Aizul
 30571 | Snake:2  | Killed Aizul
 31577 | Snake:3  | Reached skill level 5 in Unarmed Combat
 31670 | Snake:3  | Reached XP level 16. HP: 76/76 MP: 2/31
 31972 | Snake:3  | Reached skill level 16 in Dodging
 32003 | Snake:3  | Learned a level 7 spell: Monstrous Menagerie
 32397 | Snake:3  | Reached skill level 5 in Necromancy
 32740 | Snake:4  | Entered Level 4 of the Snake Pit
 33075 | Snake:4  | Identified the +3 leather armour "Futtus" {+Blink Dex+4}
 33094 | Snake:4  | Found a shimmering blue altar of Sif Muna.
 34152 | Snake:4  | Reached skill level 15 in Summonings
 34518 | Snake:4  | Found Icastao's Jewellery Shop.
 34520 | Snake:4  | Found Idism's Book Shoppe.
 34521 | Snake:4  | Found Aroyzoits's Jewellery Shop.
 34531 | Snake:4  | Bought a ring of fire for 500 gold pieces
 34537 | Snake:4  | Bought an amulet of magic regeneration for 480 gold pieces
 34690 | Snake:4  | Reached skill level 15 in Transmutations
 34855 | Snake:4  | Reached XP level 17. HP: 81/81 MP: 13/33
 34909 | Snake:4  | Got a serpentine rune of Zot
 35061 | Lair:3   | Bought the Commentary on Earthen Invitation for 690 gold
                  | pieces
 35061 | Lair:3   | Bought a book of Cantrips for 180 gold pieces
 35063 | Lair:3   | Learned a level 1 spell: Apportation
 35071 | Lair:3   | Learned a level 5 spell: Summon Forest
 35113 | Shoals:1 | Entered Level 1 of the Shoals
 35308 | Snake:4  | Reached skill level 17 in Dodging
 35352 | Snake:4  | Bought a ring of flight for 350 gold pieces
 35752 | Shoals:1 | Found Jaxzeex's Antique Weapon Shop.
 36018 | Shoals:2 | Noticed a kraken
 36031 | Shoals:2 | Killed a kraken
 36061 | Shoals:2 | Reached skill level 1 in Translocations
 36989 | Shoals:3 | Noticed a kraken
 37617 | Shoals:3 | Identified the +0 cloak of the Constellations {MP+9}
 37629 | Shoals:3 | Killed a kraken
 37701 | Shoals:3 | Noticed a kraken
 37707 | Shoals:3 | Killed a kraken
 38186 | Shoals:4 | Entered Level 4 of the Shoals
 38186 | Shoals:4 | Found a blossoming altar of Fedhas.
 38915 | Shoals:4 | Reached skill level 5 in Translocations
 38941 | Shoals:4 | Paralysed by an air elemental for 1 turns
 38945 | Shoals:4 | Paralysed by an air elemental for 1 turns
 38964 | Shoals:4 | Identified the +3 flail "Hellblazer" {drain, rElec rN+
                  | Int+4}
 38989 | Shoals:4 | Found a hazy altar of Hepliaklqana.
 39085 | Shoals:4 | Reached XP level 18. HP: 87/87 MP: 22/35
 39285 | Shoals:4 | Got a barnacled rune of Zot
 39694 | D:11     | Killed Sambug2000's ghost
 39734 | D:11     | Killed Harold
 39855 | Elf:1    | Entered Level 1 of the Elven Halls
 39868 | Elf:1    | Reached skill level 18 in Dodging
 40060 | Elf:1    | Found Feaxtyu's Assorted Antiques.
 40068 | Elf:1    | Noticed Frances
 40185 | Elf:1    | Killed Frances
 40191 | Elf:1    | Bought a scroll of blinking for 255 gold pieces
 40191 | Elf:1    | Bought a potion of heal wounds for 170 gold pieces
 40392 | Elf:1    | Noticed Louise
 40858 | Elf:1    | Noticed Kirke
 40878 | Elf:1    | Killed Kirke
 41201 | Elf:2    | Found a runed translucent gate.
 41202 | Elf:2    | Found a runed translucent gate.
 41202 | Elf:2    | Found a runed translucent gate.
 41868 | Elf:2    | Found Xiad's General Store.
 42000 | Elf:2    | Learned a level 7 spell: Malign Gateway
 42022 | Elf:3    | Entered Level 3 of the Elven Halls
 43061 | Elf:3    | Got the Compendium of Mercurial Ice
 43375 | Elf:3    | Identified the +7 lajatang "Lumn" {venom, rN++ Dex+4}
 43388 | Elf:3    | Reached skill level 15 in Fighting
 43440 | Elf:3    | Reached XP level 19. HP: 93/93 MP: 16/36
 43491 | Elf:3    | Identified the +6 scale mail of the Voracious Yeti {Rampage
                  | rF+ rN+ Slay+5}
 43622 | Elf:3    | Got the Compendium of Amassed Displacement
 43672 | Elf:3    | Identified the +12 quarterstaff of Githruco {vorpal, rElec
                  | rPois MP+9 Int-4}
 43761 | Elf:3    | Got Cuon's Discourse on Minerals
 43765 | Elf:3    | Identified the amulet of Pyromania {Faith rN+}
 43770 | Elf:3    | Got the Spellbook of the Dynamic Jaunt
 43773 | Elf:3    | Got Sif Muna's Vellum of Ghastly Bewitchment
 43775 | Elf:3    | Identified the amulet "Yghotwon" {Faith -Cast rPois Regen+}
 44066 | Vaults:1 | Entered Level 1 of the Vaults
 44259 | Vaults:1 | Reached skill level 10 in Unarmed Combat
 44644 | Vaults:1 | Learned a level 7 spell: Storm Form
 44647 | Vaults:1 | Learned a level 2 spell: Blink
 44775 | Vaults:1 | Reached skill level 19 in Dodging
 45140 | Vaults:1 | Reached skill level 10 in Translocations
 46642 | Vaults:2 | Found Botewujona's Weapon Shop.
 46716 | Vaults:2 | Found Sejodinn's Distillery.
 47754 | Vaults:2 | Found Viguanol's Armour Shoppe.
 47984 | Vaults:3 | Reached XP level 20. HP: 99/99 MP: 19/38
 47996 | Vaults:3 | Reached skill level 20 in Dodging
 48288 | Vaults:3 | You are sucked into a shaft and drop 1 floor!
 48654 | Vaults:3 | Identified the ring "Peokit" {rC+ rN++ Will+ SInv}
 48725 | Vaults:3 | Found the +9 heavy crossbow "Sniper" {vorpal, Acc+∞ SInv}
 49177 | Vaults:3 | Found a staircase to the Crypt.
 49735 | Vaults:4 | Found Aruub's Antique Weapon Shop.
 49739 | Vaults:4 | Reached skill level 10 in Air Magic
 49794 | Vaults:4 | Found Vietegus's Book Shoppe.
 49800 | Vaults:4 | Bought a book of the Dragon for 920 gold pieces
 49800 | Vaults:4 | Bought the Omnibus of Topological Command for 480 gold
                  | pieces
 49809 | Vaults:4 | Learned a level 5 spell: Manifold Assault
 50318 | Vaults:4 | Reached skill level 21 in Dodging
 51855 | Crypt:1  | Entered Level 1 of the Crypt
 51882 | Crypt:1  | Reached XP level 21. HP: 105/105 MP: 21/39
 52417 | Crypt:1  | Found a huge runed gate.
 52417 | Crypt:1  | Found a huge runed gate.
 52418 | Crypt:1  | Found a huge runed gate.
 52421 | Crypt:1  | Found a huge runed gate.
 52421 | Crypt:1  | Found a huge runed gate.
 52423 | Crypt:1  | Found a huge runed gate.
 52424 | Crypt:1  | Found a huge runed gate.
 52424 | Crypt:1  | Found a huge runed gate.
 52424 | Crypt:1  | Found a huge runed gate.
 52424 | Crypt:1  | Found a huge runed gate.
 52424 | Crypt:1  | Found a huge runed gate.
 52425 | Crypt:1  | Found a huge runed gate.
 52436 | Crypt:1  | Found a huge runed gate.
 52437 | Crypt:1  | Found a huge runed gate.
 52438 | Crypt:1  | Found a huge runed gate.
 52439 | Crypt:1  | Found a huge runed gate.
 52440 | Crypt:1  | Found a huge runed gate.
 52668 | Crypt:1  | Found a huge runed gate.
 52669 | Crypt:1  | Found a huge runed gate.
 52766 | Crypt:1  | Found a huge runed gate.
 52766 | Crypt:1  | Found a huge runed gate.
 52766 | Crypt:1  | Found a huge runed gate.
 52767 | Crypt:1  | Found a huge runed gate.
 52771 | Crypt:1  | Found a huge runed gate.
 52771 | Crypt:1  | Found a huge runed gate.
 52771 | Crypt:1  | Found a huge runed gate.
 52772 | Crypt:1  | Found a huge runed gate.
 52772 | Crypt:1  | Found a huge runed gate.
 52964 | Crypt:1  | Found a runed translucent gate.
 52965 | Crypt:1  | Found a runed translucent gate.
 52965 | Crypt:1  | Found a runed translucent gate.
 52966 | Crypt:1  | Found an opulent altar of Gozag.
 52969 | Crypt:1  | Noticed Hali's ghost (veteran FoFi)
 53283 | Crypt:1  | Found a huge runed gate.
 53283 | Crypt:1  | Found a huge runed gate.
 53283 | Crypt:1  | Found a huge runed gate.
 53283 | Crypt:1  | Found a huge runed gate.
 53283 | Crypt:1  | Found a huge runed gate.
 53283 | Crypt:1  | Found a huge runed gate.
 53283 | Crypt:1  | Found a huge runed gate.
 53284 | Crypt:1  | Found a huge runed gate.
 53343 | Crypt:2  | Acquired Sif Muna's Excursus on Non-Euclidean Hexing
 53568 | Crypt:2  | Identified the +7 flail of Joyful Slaughter {freeze, rC+}
 53673 | Crypt:1  | Noticed a dread lich
 53947 | Crypt:1  | Killed a dread lich
 54362 | Crypt:2  | Noticed Saint Roka
 54764 | Crypt:2  | Killed Saint Roka
 55015 | Crypt:2  | Reached skill level 22 in Dodging
 55534 | Crypt:3  | Entered Level 3 of the Crypt
 55959 | Crypt:3  | Found an ancient bone altar of Kikubaaqudgha.
 56373 | Crypt:3  | Reached XP level 22. HP: 111/111 MP: 20/40
 57219 | Crypt:3  | Identified the +8 short sword "Dragon's Tongue" {vorpal,
                  | rElec Int-2 Dex+5 Stlth+}
 57355 | Crypt:3  | Found a staircase to the Tomb.
 57382 | Crypt:3  | Got the Volume of Shadows
 57524 | Vaults:4 | Learned a level 4 spell: Passage of Golubria
 57622 | Vaults:5 | Entered Level 5 of the Vaults
 57622 | Vaults:5 | Noticed an ancient lich
 57974 | Vaults:5 | Reached skill level 23 in Dodging
 58055 | Vaults:5 | Got a silver rune of Zot
 58155 | Vaults:5 | Reached skill level 15 in Translocations
 58299 | Vaults:5 | Identified the +0 chain mail of the Blind Marksman {rC+
                  | Slay+2 SInv}
 58302 | Vaults:5 | Noticed a dread lich
 58310 | Vaults:5 | Killed a dread lich
 58438 | Vaults:5 | Identified the +4 chain mail of the Lumpy Nightingales {rN+
                  | Int+4}
 58582 | Vaults:5 | Found Buss's Armour Shop.
 58920 | Vaults:5 | Noticed a dread lich
 58941 | Vaults:4 | Killed a dread lich
 58942 | Vaults:4 | Reached XP level 23. HP: 97/116 MP: 3/42
 59470 | D:14     | Noticed Nessos
 59472 | D:14     | Killed Nessos
 60137 | D:15     | Entered Level 15 of the Dungeon
 60326 | D:15     | Reached skill level 24 in Dodging
 60515 | D:15     | Found a staircase to the Depths.
 61133 | Depths:1 | Entered Level 1 of the Depths
 61276 | Depths:1 | Found a gateway to a bazaar.
 61290 | Bazaar   | Entered a bazaar
 61304 | Bazaar   | Found Kiarphex's Weapon Emporium.
 61304 | Bazaar   | Found Goetyco's Armour Shoppe.
 61327 | Bazaar   | Found Coewoady's Weapon Emporium.
 61349 | Bazaar   | Found Vepin's Weapon Shoppe.
 61370 | Bazaar   | Found Eczum's Jewellery Emporium.
 61370 | Bazaar   | Found Minoweof's Magic Scroll Shoppe.
 61411 | Bazaar   | Bought a scroll of acquirement for 364 gold pieces
 61411 | Bazaar   | Acquired 853 gold pieces
 61413 | Bazaar   | Bought a scroll of fog for 28 gold pieces
 61413 | Bazaar   | Bought a scroll of fear for 28 gold pieces
 61413 | Bazaar   | Bought a scroll of magic mapping for 52 gold pieces
 61757 | Depths:1 | Identified the +4 ring mail "Diziw" {Dex+3}
 62124 | Depths:1 | Found a gateway to Hell.
 63343 | Depths:2 | Reached skill level 15 in Spellcasting
 63514 | Depths:2 | Found a one-way gate leading to the halls of Pandemonium.
 63576 | Depths:2 | Identified the +2 helmet of Mes Omargh {Int+4}
 63872 | Depths:2 | Found a one-way gate to the infinite horrors of the Abyss.
 64210 | Depths:3 | Reached skill level 15 in Air Magic
 65121 | Depths:4 | Entered Level 4 of the Depths
 65239 | Depths:4 | Learned a level 5 spell: Yara's Violent Unravelling
 65342 | Depths:4 | Reached XP level 24. HP: 113/121 MP: 19/43
 65465 | Depths:4 | Reached skill level 25 in Dodging
 65476 | Depths:4 | Found a gate to the Realm of Zot.
 66301 | Depths:4 | Gained mutation: You are clumsy. (Dex -2) [a neqoxec]
 66306 | Depths:4 | Gained mutation: You are dopey. (Int -2) [a neqoxec]
 66312 | Depths:4 | Gained mutation: You occasionally lose the ability to read
                  | scrolls when taking damage. [a cacodemon]
 66947 | Depths:3 | Found a one-way gateway to a ziggurat.
 66977 | Depths:3 | Found a portal to a secret trove of treasure.
 66995 | Depths:3 | You paid a toll of 6 scrolls of fear to enter a treasure
                  | trove
 66996 | Trove    | Entered a treasure trove
 67064 | Trove    | Identified the amulet of Rixeij {Acrobat rF+ Will+ Str-5}
 67066 | Trove    | Identified the amulet "Cian" {RegenMP Str+2 Int+6}
 67184 | Zot:1    | Entered Level 1 of the Realm of Zot
 67384 | Zot:1    | Noticed a dread lich
 67395 | Zot:1    | You are sucked into a shaft and drop 1 floor!
 67500 | Zot:1    | Noticed an orb of fire
 67896 | Zot:1    | Killed a dread lich
 68212 | Zot:1    | Lost mutation: You are clumsy. (Dex -2) [potion of
                  | mutation]
 68212 | Zot:1    | Lost mutation: You are dopey. (Int -2) [potion of mutation]
 68212 | Zot:1    | Lost mutation: You occasionally lose the ability to read
                  | scrolls when taking damage. [potion of mutation]
 68212 | Zot:1    | Gained mutation: You are partially covered in iridescent
                  | scales. (AC +2) [potion of mutation]
 68212 | Zot:1    | Gained mutation: You are partially covered in large bone
                  | plates. (SH +4) [potion of mutation]
 68388 | Zot:2    | Reached skill level 15 in Unarmed Combat
 68651 | Zot:2    | Found an ancient bone altar of Kikubaaqudgha.
 69476 | Zot:3    | Acquired 612 gold pieces
 69622 | Zot:3    | Identified the ring "Yntorunle" {Ice Will+}
 69622 | Zot:3    | Noticed Josephina
 69778 | Zot:3    | Reached XP level 25. HP: 126/126 MP: 18/43
 71240 | Zot:5    | Entered Level 5 of the Realm of Zot
 71258 | Zot:5    | Noticed a Killer Klown
 71260 | Zot:5    | Killed a Killer Klown
 71347 | Zot:5    | Reached skill level 26 in Dodging
 71349 | Zot:5    | Noticed a dread lich
 71352 | Zot:5    | Noticed an ancient lich
 71356 | Zot:5    | Noticed a dread lich
 71357 | Zot:5    | Killed a dread lich
 71357 | Zot:5    | Noticed an orb of fire
 71364 | Zot:5    | Killed an ancient lich
 71368 | Zot:5    | Noticed an orb of fire
 71369 | Zot:5    | Killed a dread lich
 71369 | Zot:5    | Noticed an orb of fire
 71370 | Zot:5    | Noticed a dread lich
 71376 | Zot:5    | Noticed an orb of fire
 71378 | Zot:5    | Killed an orb of fire
 71380 | Zot:5    | Killed an orb of fire
 71385 | Zot:5    | Noticed an ancient lich
 71394 | Zot:5    | Killed an orb of fire
 71397 | Zot:5    | Noticed a Killer Klown
 71412 | Zot:5    | Killed a Killer Klown
 71712 | Zot:5    | Killed an ancient lich
 71876 | Zot:5    | Noticed an orb of fire
 71893 | Zot:5    | Noticed an orb of fire
 71902 | Zot:5    | Noticed a Killer Klown
 71906 | Zot:5    | Noticed a Killer Klown
 71908 | Zot:5    | Killed a Killer Klown
 71908 | Zot:5    | Killed a Killer Klown
 72057 | Zot:5    | Got the Orb of Zot
 72153 | Zot:3    | Noticed Curchi Zitie the pandemonium lord
 72643 | D:4      | Noticed Ilemnag the pandemonium lord
 72770 | D:$      | Escaped with the Orb!

Illustrated notes

Levels and vault maps discovered:
D:1:      lightli_arrival_statue_moat, layout_loops_cross
D:2:      layout_basic, dreamdust_ecumenical_altar_hidden_monk_grotto,
          minmay_misc_feat_roman, corexii_item_surrounded_by_moat,
          minmay_pentomino_u4
D:3:      layout_basic, serial_shops, shop
D:4:      layout_loops_cross, kennysheep_mini_moat, serial_shops, shop_fountains
D:5:      layout_loops_corners, hellmonk_bongcloud_opening,
          hangedman_decor_riveting, minmay_misc_feat_pillars
D:6:      layout_basic, marbit_many_paths, mainiacjoe_overflow_cross_hatched,
          nicolae_wooded_promenade
D:7:      minmay_the_grid_plus [minmay_the_grid_box_x, minmay_the_grid_armoury,
          minmay_the_grid_minigrid_small, minmay_the_grid_slots,
          minmay_the_grid_prize_inner_circle], layout_basic,
          kennysheep_little_box, minmay_temple_entry_drinking_statues,
          gammafunk_ghost_smash, uniq_menkaure
D:8:      layout_gridville, mainiacjoe_overflow_catch_the_wave, uniq_psyche,
          uniq_gastronok, uniq_pikel
D:9:      layout_roguey, mainiacjoe_overflow_alcove_2, orc_0_dummy,
          hangedman_decor_clover_reticule, interstate_on_off
D:10:     layout_basic, serial_ice, serial_ice_l, serial_ice_o, serial_ice_d,
          serial_ice_a, hangedman_fish_farm
D:11:     layout_roguey, lair_entry_dummy, gammafunk_ghost_arena,
          minmay_guarded_unrand_vampires_tooth, uniq_harold
D:12:     layout_roguey, gauntlet_entry_generic
D:13:     hangedman_arrow_trap, layout_irregular_city,
          lightli_vaults_fourway_checkpoint
D:14:     minmay_distorted_concentric_squares, layout_stronghold,
          chequers_big_river, portal_ice_cave_entry_ugly_swarm, st_stairs_5,
          uniq_nessos
D:15:     gammafunk_enter_depths_forms, layout_loops_ring,
          chequers_serial_rivers_large_b
Temple:   minmay_freezing_vapour_temple
Lair:1:   layout_regular_city, beast_lair_carwin_3, serial_bayou_shore_a,
          uniq_fannar, uniq_grum, uniq_joseph
Lair:2:   layout_regular_city, minmay_shoals_entry_hut, uniq_sonja
Lair:3:   gammafunk_cloud_chamber, layout_hall_layers, dummy_snake_entry,
          kennysheep_rathole
Lair:4:   layout_loops_ring, gammafunk_ghost_hive, lemuel_fruit_fields,
          grunt_megastairs_2
Lair:5:   evilmike_catoblepas_cave, layout_gridlike, dpeg_slime_entry_enclosed,
          lemuel_fruit_tree
Shoals:1: layout_shoals, serial_shops, nicolae_shop_advertising_works
          [nicolae_subvault_shop_adworks]
Shoals:2: layout_shoals, nicolae_shoals_spectral_cove
Shoals:3: layout_shoals
Shoals:4: shoals_end_hellmonk_storm_palace [storm_palace_center_square,
          storm_palace_corner_blocked, storm_palace_corner_altar,
          storm_palace_corner_altar, storm_palace_corner_grid], serial_shops
Snake:1:  layout_chambers
Snake:2:  layout_grid_maze, nicolae_snake_gridmaze_squiggle, minmay_shop_star,
          uniq_aizul
Snake:3:  layout_cave_shapes, nicolae_snake_guarding_the_ruins,
          grunt_megastairs_3
Snake:4:  grunt_snake_rune_pools, layout_cave_town, basic_altar,
          minmay_shop_grove
Orc:1:    layout_caves, basic_altar, gammafunk_ghost_arena
Orc:2:    st_orc_town, layout_caves
Elf:1:    eino_elf_arrival_the_gate, layout_loops_ring, serial_shops,
          nicolae_shop_competitors_out_of_business, minivault_28,
          library_closet, uniq_louise, uniq_frances, uniq_kirke
Elf:2:    elven_hall_of_blades_hangedman_original
          [nicolae_blade_entry_area_security], layout_loops_corners,
          serial_shops, nicolae_lakefront_shop, uniq_jorgrun
Elf:3:    elf_hall_gauntlet_wide, layout_geoelf_diagonals
Vaults:1: ontoclasm_vaults_eye, nicolae_vaults_little_squares_4,
          hangedman_vaults_stitches, ontoclasm_vaults_misaligned,
          v_alt_pattern_1, nicolae_vaults_big_ls, v_misc_24, v_misc_17,
          v_alt_pattern_1, vaults_standard_mumra_x, v_misc_8,
          vaults_dpeg_encased_lava, vaults_standard_mumra_enter_the_diamond,
          v_alt_pattern_6, nicolae_vaults_angled_halls, nicolae_vaults_asterisk,
          layout_vaults_maze
Vaults:2: nicolae_vaults_little_squares_4, nicolae_vaults_network_quincunx
          [nicolae_vaults_network_quincunx_subvault,
          nicolae_vaults_network_quincunx_subvault,
          nicolae_vaults_network_quincunx_subvault,
          nicolae_vaults_network_quincunx_subvault,
          nicolae_vaults_network_quincunx_subvault],
          nicolae_vaults_little_squares_3, ontoclasm_vaults_ring_square,
          nicolae_vaults_network_periphery, v_pattern_4, v_misc_2,
          nicolae_vaults_theta, vaults_room_semicircle,
          ontoclasm_vaults_shuriken, layout_vaults_omnicross, serial_shops,
          nicolae_shop_stone, nicolae_shop_bloodbath_and_beyond, shop
Vaults:3: nicolae_vaults_circle_grid_a, minmay_crypt_entry_simple_plaza,
          minmay_guarded_unrand_secular_launcher, grunt_vaults_diagonal,
          ontoclasm_vaults_bender, v_misc_9, grunt_vaults_swirl, v_rooms_3,
          nicolae_vaults_specimen_jars, v_pattern_1, v_misc_16,
          vaults_room_pool, nicolae_vaults_little_squares_6,
          layout_vaults_omnibox
Vaults:4: ontoclasm_vaults_hangar, ontoclasm_vaults_spin,
          nicolae_vaults_triangles, v_misc_16, vaults_mumra_minichess_inversion,
          v_alt_pattern_1, nicolae_vaults_diagonal_hallway_9,
          grunt_vaults_funnel, nicolae_vaults_asterisk, ontoclasm_vaults_chip,
          dpeg_vaults_monster_box, nicolae_vaults_little_squares_5,
          layout_vaults_chaotic_city, serial_shops, nicolae_shop_crystal,
          nicolae_shop_statue_plus
Vaults:5
Crypt:1:  layout_chaotic_city, ebering_ghost_gozag, door_vault,
          grunt_crypt_arrival_guarded_gate
Crypt:2:  layout_gridlike, minivault_26, serial_sigils_hangedman_shear,
          uniq_saint_roka
Crypt:3:  grunt_crypt_end_deaths_head
Depths:1: layout_basic, kennysheep_nub, hell_entry, serial_shops,
          bzr_entry_safe, kennysheep_generic_room_9,
          roderic_lattice_octagonal_star, kennysheep_random_hallway
Depths:2: minmay_isolated_rectangles_in_corner, layout_gridville, abyss_entry,
          moated_statue, hangedman_geh_valley, serial_rivers,
          chequers_serial_rivers_micro_c, chequers_serial_rivers_micro_b,
          chequers_serial_rivers_micro_b, chequers_serial_rivers_small_3,
          pan_entry, hangedman_abyss_or_decor_slice, hellmonk_scarab_ruin
Depths:3: hangedman_stitches_corridor, layout_long_grid, enter_ziggurat_b,
          minmay_room_of_horrors, hell_entry, serial_shops,
          nicolae_lakefront_shop, kennysheep_another_room, serial_rivers,
          chequers_serial_rivers_small_a, chequers_serial_rivers_micro_c,
          chequers_serial_rivers_small_b, chequers_serial_rivers_small_b,
          nicolae_trove_entry_columns
Depths:4: grunt_zot_entry_bicorn, layout_basic, hell_entry,
          grunt_pan_entry_spiral, laboratory
Zot:1:    hangedman_snap_crack_crunch, layout_concentric_octagons
Zot:2:    layout_onion_interference, basic_altar
Zot:3:    layout_basic, hangedman_zot_diagonal_lockstep, uniq_josephina
Zot:4:    grunt_zot_stairs_overgrown, layout_gridlike, grunt_megastairs_5
Zot:5:    layout_cellular_growth, grunt_ministairs_13, st_stairs_8

Skill      XL: |  1  2  3  4  5  6  7  8  9 10 11 12 13 14 15 16 17 18 19 20 21 22 23 24 25 |
---------------+----------------------------------------------------------------------------+-----
Spellcasting   | 3 4 5 6 8 9 10 11 12 13 14 15 16 | 16.0
Summonings     | 5 6 7 8 9 10 11 12 14 15 16 17 18 | 18.3
Hexes          | 2 5 8 |  8.0
Air Magic      | 1 3 5 7 9 10 12 13 15 | 15.6
Dodging        | 5 8 10 13 15 16 17 18 19 21 22 23 24 25 26 | 26.3
Fighting       | 3 5 7 10 11 12 13 15 16 17 18 19 20 | 20.7
Transmutations | 2 7 9 12 13 15 16 17 18 19 20 | 20.0
Earth Magic    | 1 6 7 |  7.0
Stealth        | 3 4 |  4.0
Unarmed Combat | 3 5 7 8 9 10 11 12 13 14 15 17 | 17.0
Necromancy     | 1 4 5 |  5.0
Translocations | 5 8 11 12 14 15 16 18 19 | 19.4

Action                   |  1- 3 |  4- 6 |  7- 9 | 10-12 | 13-15 | 16-18 | 19-21 | 22-24 | 25-27 || total
-------------------------+-------+-------+-------+-------+-------+-------+-------+-------+-------++-------
Melee: Unarmed           |    22 |    15 |    48 |    49 |   431 |   316 |   898 |  1277 |   205 ||  3261
       Bite              |     1 |     3 |     4 |     9 |    76 |    57 |     8 |     1 |       ||   159
       Punch             |       |       |     1 |       |    16 |    23 |    77 |    85 |     8 ||   210
 Cast: Summon Small Mamm |    29 |     9 |     4 |     1 |     2 |       |       |       |       ||    45
       Call Imp          |    12 |     7 |     4 |     2 |     4 |       |       |       |       ||    29
       Call Canine Famil |     2 |    16 |    24 |    32 |    51 |    11 |       |       |       ||   136
       Summon Guardian G |       |    13 |    30 |    77 |    87 |    41 |    10 |       |       ||   258
       Summon Lightning  |       |     1 |    15 |    42 |    60 |    37 |    15 |     1 |     1 ||   172
       Summon Cactus Gia |       |       |       |    58 |   122 |   140 |    65 |    27 |     1 ||   413
       Anguish           |       |       |       |     2 |    13 |     7 |       |       |       ||    22
       Statue Form       |       |       |       |       |    51 |    97 |    10 |       |       ||   158
       Swiftness         |       |       |       |       |     1 |    11 |     4 |     2 |       ||    18
       Monstrous Menager |       |       |       |       |       |   177 |    77 |    39 |     2 ||   295
       Summon Forest     |       |       |       |       |       |    15 |       |       |       ||    15
       Apportation       |       |       |       |       |       |     2 |     8 |     1 |       ||    11
       Malign Gateway    |       |       |       |       |       |     3 |    59 |    46 |     6 ||   114
       Storm Form        |       |       |       |       |       |       |    85 |    79 |    19 ||   183
       Manifold Assault  |       |       |       |       |       |       |   161 |   349 |    78 ||   588
       Passage of Golubr |       |       |       |       |       |       |       |     3 |     1 ||     4
       Yara's Violent Un |       |       |       |       |       |       |       |     2 |       ||     2
Invok: Call Merchant     |       |       |       |       |     2 |       |       |       |       ||     2
       Bribe Branch      |       |       |       |       |       |       |       |     3 |     3 ||     6
 Abil: End Transformatio |       |       |       |       |       |     1 |     2 |       |       ||     3
       Blinkbolt         |       |       |       |       |       |       |    34 |    18 |     4 ||    56
Evoke: Wand              |       |       |     5 |       |     2 |       |       |       |     4 ||    11
  Use: Scroll            |       |     3 |     5 |     1 |    14 |    14 |     6 |    10 |     6 ||    59
       Potion            |       |       |       |     1 |     2 |     2 |     2 |     5 |    11 ||    23
 Stab: Sleeping          |     3 |       |       |       |     1 |     1 |     2 |     2 |       ||     9
       Paralysed         |       |       |     8 |       |       |       |     4 |       |       ||    12
       Betrayed ally     |       |       |       |     1 |       |       |       |       |       ||     1
       Distracted        |       |       |       |       |     5 |     9 |     7 |    21 |       ||    42
       Petrified         |       |       |       |       |     1 |       |       |       |       ||     1
       Confused          |       |       |       |       |       |       |     1 |       |     1 ||     2
Armor: Skin              |     2 |       |     4 |     5 |   145 |   195 |    66 |    80 |     8 ||   505
Dodge: Dodged            |    24 |    16 |    45 |    74 |   782 |   794 |   780 |   795 |    76 ||  3386
